 Dungeon Crawl Stone Soup version 0.30-a0-937-ga0a21ad780 (webtiles) character file.

Game seed: 14676903933627022773

16856 Firecrotchwizard the Fighter (level 12, 0/96 HPs)
             Began as a Djinni Fire Elementalist on Mar 25, 2023.
             Was a Believer of Makhleb.
             Shot with a bolt by a yaktaur (1 damage)
             ... in a volcano.
             The game lasted 00:38:55 (13878 turns).

Firecrotchwizard the Fighter (DjFE)                Turns: 13878, Time: 00:38:55

Health: 0/96       AC:  6    Str: 11    XL:     12   Next: 75%
Gold:   766        EV: 17    Int: 23    God:    Makhleb [**....] SH:  0 Dex: 13

rFire   + + +      SeeInvis .    m - +1 halberd (venom)
rCold   x . .      Faith    .    (shield currently unavailable)
rNeg    . . .      Spirit   .    a - +0 robe
rPois   ∞          Reflect  .    (no helmet)
rElec   .          Rampage  .    e - +1 cloak of Jucwudil {rF+ Will+ Str+4}
rCorr   .                        A - +1 pair of gloves
Will    ++...                    (boots unavailable)
Stlth   ++                       (no amulet)
HPRegen 0.36/turn                Q - +4 ring of slaying
MPRegen 0.00/turn                E - +5 ring of evasion

@: flying
A: sickness immunity, fire resistance 2, cold vulnerability 1, float, innate
caster, HP casting, extra vitality 1
a: Renounce Religion, Minor Destruction


You were in a volcano.
You worshipped Makhleb.
Makhleb was pleased with you.
You visited 3 branches of the dungeon, and saw 13 of its levels.
You also visited: Volcano.

You collected 766 gold pieces.

Inventory:

Hand Weapons
 g - a +0 dagger of chaos
   (You took it off a kobold on level 1 of the Dungeon)
 m - a +1 halberd of venom (weapon)
   (You took it off a gnoll on level 2 of the Dungeon)
 n - a +0 club
   (You took it off a goblin on level 1 of the Dungeon)
Missiles
 b - 5 curare-tipped darts
 o - 2 throwing nets {!d}
 p - 31 poisoned darts
 s - 64 stones (quivered)
 x - 8 boomerangs
 I - 2 datura-tipped darts
Armour
 a - a +0 robe (worn)
 e - the +1 cloak of Jucwudil (worn) {rF+ Will+ Str+4}
   (You found it on level 5 of the Dungeon)

   Str:       It affects your strength (+4).
   rF:        It protects you from fire.
   Will:      It increases your willpower.
 q - the +2 buckler of the Everdark {rElec}
   (You found it on level 3 of the Dungeon)

   rElec:     It insulates you from electricity.
 A - a +1 pair of gloves (worn)
   (You found it on level 1 of the Dungeon)
 K - +0 acid dragon scales
   (You found it on level 8 of the Dungeon)
Magical Staves
 c - a staff of death {rN+}
   (You found it on level 1 of the Dungeon)
Jewellery
 i - a ring of positive energy {rN+}
   (You found it on level 4 of the Dungeon)
 l - a ring of willpower
   (You found it on level 2 of the Dungeon)
 r - a +5 ring of evasion
   (You found it on level 2 of the Lair of Beasts)
 u - a +6 ring of strength
   (You found it on level 6 of the Dungeon)
 E - a +5 ring of evasion (right hand)
   (You found it on level 3 of the Dungeon)
 Q - a +4 ring of slaying (left hand)
   (You found it on level 1 of the Dungeon)
 W - a ring of willpower
   (You found it on level 2 of the Dungeon)
Wands
 d - a wand of digging (5)
   (You found it on level 1 of the Lair of Beasts)
 h - a wand of acid (1)
   (You found it on level 6 of the Dungeon)
 j - a wand of polymorph (4)
   (You found it on level 7 of the Dungeon)
 w - a wand of roots (14)
   (You found it on level 8 of the Dungeon)
 y - a wand of mindburst (12)
   (You found it on level 2 of the Dungeon)
Scrolls
 f - 2 scrolls of enchant weapon
 k - 7 scrolls of identify {@r1}
 z - 2 scrolls of poison
 B - a scroll of enchant armour
 D - 2 scrolls of blinking {!r}
 V - 2 scrolls of vulnerability {!r!r}
 X - a scroll of magic mapping {@r4!r}
 Y - 4 scrolls of teleportation {@r3}
Potions
 v - a potion of cancellation
 G - 2 potions of ambrosia {!q}
 H - 3 potions of haste
 J - 3 potions of curing {@q1}
 L - 3 potions of flight
 M - a potion of magic
 N - a potion of heal wounds {@q2}
 P - 3 potions of lignification {!q}
 R - 2 potions of resistance
 U - 2 potions of mutation {!q}


   Skills:
 + Level 12.8 Fighting
 - Level 2.1 Dodging
 - Level 1.5 Stealth
 + Level 10.3 Spellcasting
 + Level 8.6 Invocations


You knew the following spells:

 Your Spells              Type           Power      Damage    Failure   Level
a - Foxfire               Conj/Fire      100%       2x1d9     1%          1
b - Scorch                Fire           100%       2d10      1%          2
c - Kindle Blastsparks    Fire/Tloc/Air  100%       2d18      1%          3
d - Inner Flame           Hex/Fire       56%        N/A       1%          3
e - Flame Wave            Conj/Fire      56%        2d13      1%          4
f - Kiss of Death         Conj/Necr      100%       2d13      1%          1
g - Lesser Beckoning      Tloc           100%       N/A       1%          2
h - Plasma Beam           Fire/Air       28%        2x1d44    2%          5
s - Sticky Flame          Conj/Fire      56%        2d7       1%          4
w - Passwall              Tmut/Erth      46%        N/A       1%          2
Your spell library was empty.

Dungeon Overview and Level Annotations

Branches:
Dungeon (9/15)             Temple (1/1) D:7            Lair (3/5) D:9
 Shoals (0/4) Lair:2        Snake (0/4) Lair:3          Orc (0/2) D:9
Volcano (1/1)

Altars:
Ashenzari
Dithmenos
Elyvilon
Fedhas
Gozag
Hepliaklqana
Makhleb
Nemelex Xobeh
Okawaru
Qazlal
Ru
Trog
Uskayaw
Wu Jian
Xom
Yredelemnul
Zin
The Shining One

Shops:
D:4 (   D:7 (

Annotations:
D:4 exclusion: ball python, Edmund
D:5 1 runed translucent door, Crazy Yiuf
Lair:1 2 transporters


Innate Abilities, Weirdness & Mutations

You are immune to sickness and miasma.
You are immune to poison.
Your flesh is very heat resistant. (rF++)
You are vulnerable to cold. (rC-)
You float through the air rather than walking.
You learn spells naturally, not from books.
Your magical power is your life essence.
You have superior vitality. (+4 MHP)


Message History

You take 1 damage, and have 94/96 hp.
You conjure some foxfire!
The dream sheep bleats!
The foxfire hits the dream sheep.
You take 1 damage, and have 93/96 hp.
You conjure some foxfire!
The foxfire hits the dream sheep but does no damage.
The foxfire hits the dream sheep!
The foxfire hits the dream sheep.
You conjure some foxfire!
The foxfire hits the dream sheep.
The foxfire hits the dream sheep!
You kill the dream sheep!
Makhleb accepts your kill.
You take 1 damage, and have 92/96 hp.
You conjure some foxfire!
The foxfire hits the dream sheep.
You take 1 damage, and have 91/96 hp.
You conjure some foxfire!
The foxfire hits the dream sheep.
The foxfire hits the dream sheep!
The foxfire hits the dream sheep.
You conjure some foxfire!
The foxfire hits the dream sheep. x2
You take 1 damage, and have 90/96 hp.
You conjure some foxfire!
The foxfire hits the dream sheep. x2
You kill the dream sheep!
Makhleb accepts your kill.
You feel better.
Health restored: 96 You conjure some foxfire!
The foxfire hits the dream sheep but does no damage.
The foxfire hits the dream sheep.
Flames lash the dream sheep.
The dream sheep's fire resistance burns away.
The foxfire hits the dream sheep. x2; The dream sheep closely misses you.
You take 2 damage, and have 94/96 hp.
You conjure some foxfire!
The foxfire hits the dream sheep but does no damage.
The dream sheep closely misses you.
Aim: a dream sheep (severely wounded, ally target)
The sticky flame hits the dream sheep.
The dream sheep is covered in liquid flames!
The dream sheep burns!
You kill the dream sheep!
Makhleb accepts your kill.
The foxfire hits the dream sheep but does no damage.
You take 4 damage, and have 90/96 hp.
Aim: a dream sheep (heavily wounded, more vulnerable to fire)
The sticky flame hits the dream sheep!
The dream sheep is burned terribly!
You kill the dream sheep!
Makhleb accepts your kill.
You take 4 damage, and have 86/96 hp.
Unknown command.
You start resting.
Health restored: 96 You see here a dream sheep corpse.
You now have 766 gold pieces (gained 18).
You hear the rumble of a very distant avalanche of rocks.
s - 64 stones (gained 3)
Found a dark tunnel.
There is a dark tunnel here.
The world spins around you as you enter the gateway.
You enter a volcano!
Found a rocky tunnel leading out of this place.
There is a rock-blocked tunnel here.
The air gets thick with the scent of sulphur.
In the distance, the volcano erupts with a roar.
The centaur shouts!
Something unseen opens the large door.
You sense a monster nearby.
The centaur shouts!
You hear a shout!
Found a burning altar of Makhleb.
The centaur warrior shouts!
Here: a hell knight, wielding a +2 scimitar of flaming and wearing a +2 chain mail of fire resistance (fire blocked by a translucent stone wall) Item here: a hand crossbow of flaming.
The floor.
The air gets thick with the scent of sulphur.
In the distance, the volcano erupts with a roar.
The centaur shoots an arrow.
The arrow misses you.
The centaur shoots an arrow.
The arrow hits you.
Something unseen opens the large door.
You take 6 damage, and have 90/96 hp.
The centaur shoots an arrow.
The arrow closely misses you.
The centaur shoots an arrow.
The arrow hits you.
The centaur shoots an arrow.
The arrow hits you.
The centaur shoots an arrow.
The arrow completely misses you.
You take 9 damage, and have 82/96 hp.
The centaur shoots an arrow.
The arrow hits you!
You take 14 damage, and have 68/96 hp.
The centaur shoots an arrow.
The arrow closely misses you.
The yaktaur shoots a bolt.
The bolt closely misses you.
The yaktaur shoots a bolt.
The bolt barely misses you.
The centaur warrior shoots an arrow.
The arrow hits you! The arrow burns you.
The centaur warrior shoots an arrow.
The arrow hits you!
You take 27 damage, and have 42/96 hp.
MASSIVE DAMAGE!!
Okay, then.
Okay, then.
As you read the scroll of fog, it crumbles to dust.
The scroll dissolves into smoke.
The centaur warrior shoots an arrow.
The arrow hits you! The arrow burns you.
* * * LOW HITPOINT WARNING * * *
The yaktaur shoots a bolt.
The bolt hits you!!
* * * LOW HITPOINT WARNING * * *
The bolt burns you.
You die...

+$!.$.'...#≈≈≈§≈≈#
#..≈..#...#≈≈≈≈≈##
#8≈≈≈8#...#≈§≈§##
+..≈.pc.c##§§≈≈#
+...ccc..#§≈§≈§#
#8...8#.##≈§≈≈##
###.§..§###§≈≈≈##
≈≈§§..§§§≈≈≈≈≈≈##
§§§§8.§@8§≈§§§≈#
##§§..§§§§≈§≈§##
#≈≈.....≈≈≈###
##≈8...8≈§≈#
##.....####
#.....# #8...8#
#.....# #.....#


You could see a hell knight, a centaur warrior, a yaktaur and a centaur.

Vanquished Creatures
  A two-headed ogre (D:9)
  3 death yaks (D:9)
  A komodo dragon (Lair:3)
  2 cane toads
  2 rime drakes
  Psyche (D:8)
  A hornet (D:9)
  Prince Ribbit (D:7)
  5 blink frogs
  A snapping turtle (Lair:2)
  7 dream sheep (Lair:3)
  2 wyverns
  32 yaks
  2 basilisks
  2 humans (D:9)
  An acid dragon (D:8)
  Duvessa (D:5)
  8 water moccasins
  An orc warrior (D:8)
  3 ice beasts
  A black bear (D:4)
  3 wolves (Lair:2)
  A centaur (D:9)
  2 phantoms (D:7)
  2 kobold brigands (D:9)
  5 bullfrogs
  A gnoll sergeant (D:6)
  4 scorpions
  13 wights
  Dowan (D:5)
  5 killer bees (D:8)
  2 howler monkeys
  An electric eel (Lair:3)
  4 jellies
  4 orc priests
  2 gnoll boudas
  4 hounds
  2 sleepcaps (D:6)
  5 iguanas
  9 orc wizards
  16 gnolls
  5 adders
  A white imp (D:5)
  2 ufetubi
  3 worms (D:2)
  A dart slug (D:5)
  17 orcs
  9 ball pythons
  7 endoplasms
  3 giant cockroaches
  4 goblins
  8 hobgoblins
  4 jackals (D:2)
  A quokka (D:4)
  9 bats
  3 frilled lizards (D:1)
  10 kobolds
  5 rats
256 creatures vanquished.

Vanquished Creatures (collateral kills)
  2 foxfires (Lair:2)
2 creatures vanquished.

Vanquished Creatures (others)
  A black bear (D:6)
  776 foxfires
  10 fungi
  12 plants
799 creatures vanquished.

Grand Total: 1057 creatures vanquished

Notes
Turn   | Place    | Note
-------+----------+-------------------------------------------
     0 | D:1      | Firecrotchwizard the Djinni Fire Elementalist began the
                  | quest for the Orb.
     0 | D:1      | Firecrotchwizard set off with the following spells
                  | memorised: Foxfire, Scorch, Kindle Blastsparks, Inner
                  | Flame, Flame Wave.
     0 | D:1      | Reached XP level 1. HP: 15/15 MP: 0/0
   165 | D:1      | Reached XP level 2. HP: 22/22 MP: 0/0
   228 | D:1      | Reached skill level 1 in Fighting
   438 | D:1      | Reached XP level 3. HP: 26/27 MP: 0/0
   438 | D:1      | Learned a level 1 spell: Kiss of Death
   692 | D:2      | Reached skill level 3 in Spellcasting
   716 | D:2      | Reached skill level 2 in Fighting
   934 | D:2      | Reached XP level 4. HP: 24/32 MP: 0/0
  1266 | D:2      | Reached XP level 5. HP: 34/40 MP: 0/0
  1266 | D:2      | Learned a level 2 spell: Lesser Beckoning
  1599 | D:3      | Reached skill level 3 in Fighting
  1748 | D:3      | Identified the +4 dagger of Zealous Valiance {flame, Fly
                  | rF- MP+9 Int+4}
  1821 | D:3      | Identified the +2 buckler of the Everdark {rElec}
  2203 | D:3      | Found a basalt altar of Yredelemnul.
  2462 | D:4      | Reached XP level 6. HP: 43/47 MP: 0/0
  2516 | D:4      | Found a hide-covered altar of Uskayaw.
  2546 | D:4      | Reached skill level 4 in Spellcasting
  2605 | D:4      | Noticed a black bear
  2610 | D:4      | Killed a black bear
  2611 | D:4      | Reached skill level 4 in Fighting
  2716 | D:4      | Found Ufruckev's Weapon Shoppe.
  2807 | D:4      | Reached XP level 7. HP: 40/53 MP: 0/0
  2807 | D:4      | Learned a level 2 spell: Passwall
  2961 | D:4      | Noticed a water moccasin
  2971 | D:4      | Killed a water moccasin
  2974 | D:4      | HP: 13/53 [ball python (1)]
  2975 | D:4      | Reached skill level 5 in Fighting
  3146 | D:4      | Noticed Edmund
  3150 | D:4      | Found a glowing golden altar of the Shining One.
  3150 | D:4      | Found a shadowy altar of Dithmenos.
  3150 | D:4      | Found a sparkling altar of Nemelex Xobeh.
  3156 | D:4      | Found a white marble altar of Elyvilon.
  3486 | D:5      | Entered Level 5 of the Dungeon
  3513 | D:5      | Noticed a wyvern
  3520 | D:5      | Killed a wyvern
  3521 | D:5      | Reached skill level 5 in Spellcasting
  3594 | D:5      | Reached XP level 8. HP: 46/61 MP: 0/0
  3801 | D:5      | Found a runed translucent door.
  3802 | D:5      | Noticed Crazy Yiuf
  3836 | D:5      | Reached skill level 6 in Fighting
  3879 | D:5      | Identified the +1 cloak of Jucwudil {rF+ Will+ Str+4}
  3912 | D:5      | Noticed Duvessa
  3920 | D:5      | Killed Duvessa
  3922 | D:5      | Noticed Dowan
  3926 | D:5      | Killed Dowan
  4779 | D:6      | Reached skill level 7 in Fighting
  4779 | D:6      | Reached skill level 6 in Spellcasting
  4844 | D:6      | Reached XP level 9. HP: 62/68 MP: 0/0
  4844 | D:6      | Learned a level 4 spell: Sticky Flame
  4955 | D:6      | Found a shimmering altar of Xom.
  5179 | D:6      | Reached skill level 8 in Fighting
  5707 | D:7      | Reached skill level 7 in Spellcasting
  5869 | D:7      | Found Aloem's Weapon Emporium.
  5981 | D:7      | Found a staircase to the Ecumenical Temple.
  6505 | D:7      | Reached skill level 9 in Fighting
  6621 | Temple   | Entered the Ecumenical Temple
  6683 | Temple   | Became a worshipper of Makhleb the Destroyer
  6709 | D:8      | Noticed Psyche
  6763 | D:8      | Noticed Prince Ribbit
  6769 | D:7      | Killed Prince Ribbit
  6770 | D:7      | Reached XP level 10. HP: 38/78 MP: 0/0
  7272 | D:8      | Reached skill level 1 in Invocations
  7352 | D:8      | Reached skill level 8 in Spellcasting
  7449 | D:8      | Reached skill level 2 in Invocations
  7539 | D:8      | Identified the +1 ring mail of Noxorphask {rPois Stlth+}
  7563 | D:8      | Reached skill level 10 in Fighting
  7582 | D:8      | Killed Psyche
  7651 | D:8      | Reached skill level 3 in Invocations
  7657 | D:8      | HP: 20/80 [cloud of flame (2)]
  7659 | D:8      | HP: 8/80 [cloud of flame (9)]
  8052 | D:8      | Reached skill level 4 in Invocations
  8056 | D:8      | HP: 19/81 [yak (11)]
  8058 | D:8      | Reached XP level 11. HP: 21/86 MP: 0/0
  8058 | D:8      | Learned a level 5 spell: Plasma Beam
  8285 | D:8      | Found a glowing silver altar of Zin.
  8616 | D:9      | Reached * piety under Makhleb
  8628 | D:9      | Noticed a two-headed ogre
  8635 | D:9      | Killed a two-headed ogre
  8636 | D:9      | Reached skill level 5 in Invocations
  8929 | D:9      | Found a staircase to the Lair.
  8951 | D:9      | Reached skill level 11 in Fighting
  9058 | D:9      | Reached skill level 9 in Spellcasting
  9145 | D:9      | Found an iron altar of Okawaru.
  9324 | D:9      | Found a staircase to the Orcish Mines.
  9568 | Lair:1   | Entered Level 1 of the Lair of Beasts
  9689 | Lair:1   | Noticed a death yak
  9694 | Lair:1   | Noticed a death yak
  9697 | Lair:1   | Noticed a death yak
  9704 | Lair:1   | Noticed a death yak
  9716 | D:9      | Killed a death yak
 10560 | D:9      | Killed a death yak
 10561 | D:9      | Reached skill level 6 in Invocations
 10563 | D:9      | Killed a death yak
 11356 | Lair:1   | Reached XP level 12. HP: 65/95 MP: 0/0
 11459 | Lair:1   | Found a transporter.
 11476 | Lair:1   | Reached skill level 7 in Invocations
 11631 | Lair:1   | Found a transporter.
 12027 | Lair:2   | Reached skill level 12 in Fighting
 12241 | Lair:2   | Reached ** piety under Makhleb
 12262 | Lair:2   | Reached skill level 10 in Spellcasting
 12855 | Lair:2   | Reached skill level 8 in Invocations
 13227 | Lair:2   | Found a staircase to the Shoals.
 13793 | Lair:3   | Found a dark tunnel.
 13798 | Volcano  | Entered a volcano
 13837 | Volcano  | Found a burning altar of Makhleb.
 13838 | Volcano  | Noticed a centaur warrior
 13840 | Volcano  | Noticed a hell knight
 13878 | Volcano  | HP: 1/96 [yaktaur/bolt (27)]
 13878 | Volcano  | Shot with a bolt by a yaktaur

Illustrated notes

Levels and vault maps discovered:
D:1:      amcnicky_arrival_flooded_fountain, layout_basic,
          chequers_serial_rivers_micro_e
D:2:      layout_loops_cross
D:3:      layout_loops_ring, mainiacjoe_overflow_paths
D:4:      layout_rooms, minmay_overflow_temple_hex,
          mainiacjoe_overflow_brackets, serial_shops, shop, uniq_edmund
D:5:      layout_basic, uniq_duvessa, uniq_crazy_yiuf_cottage
D:6:      layout_cave_pools, xom_confusion_cloud,
          minmay_a_box_with_orc_wizards_in_it
D:7:      layout_basic, minmay_temple_entry_nine_rooms, serial_shops,
          nicolae_shop_stone
D:8:      layout_basic, general_overflow_altar, uniq_prince_ribbit1, uniq_psyche
D:9:      layout_loops_ring, nicolae_overflow_hidden_temple, okawaru_humans
Temple:   nicolae_temple_two_arcs
Lair:1:   gammafunk_worm_tunnel, layout_regular_city, lemuel_fruit_tree,
          grunt_megastairs_4
Lair:2:   layout_cave_pods, minmay_shoals_entry_hut, basic_altar,
          minmay_hedge_maze
Lair:3:   layout_chaotic_city, nicolae_snake_entry_squirm, serial_bayou,
          serial_bayou_shore_b, serial_bayou_pond_a, serial_bayou_pond_e,
          serial_bayou_pond_e, nicolae_volcano_entry_s_turn, serial_bayou_pond_e
Volcano:  kennysheep_volcano_temple

Skill      XL: |  1  2  3  4  5  6  7  8  9 10 11 12 |
---------------+-------------------------------------+-----
Fighting       | 1 2 3 4 5 7 9 10 11 12 | 12.8
Spellcasting   | 3 4 5 6 7 8 9 10 | 10.3
Invocations    | 4 6 8 |  8.6
Dodging        | |  2.1
Stealth        | |  1.5

Action                     |  1- 3 |  4- 6 |  7- 9 | 10-12 || total
---------------------------+-------+-------+-------+-------++-------
  Melee: Unarmed           |     1 |       |       |       ||     1
         Dagger            |     3 |     5 |       |       ||     8
         Halberd           |       |    44 |   104 |    80 ||   228
  Throw: Stone             |       |    13 |    25 |       ||    38
   Cast: Foxfire           |    47 |    40 |   152 |   217 ||   456
         Scorch            |     5 |     4 |    21 |    68 ||    98
         Kiss of Death     |     1 |       |       |     1 ||     2
         Passwall          |       |       |     2 |       ||     2
         Inner Flame       |       |       |     4 |     7 ||    11
         Flame Wave        |       |       |     1 |       ||     1
         Sticky Flame      |       |       |       |    24 ||    24
         Plasma Beam       |       |       |       |     7 ||     7
  Evoke: Wand              |       |       |       |     7 ||     7
    Use: Scroll            |       |     9 |     4 |    16 ||    29
   Stab: Sleeping          |       |     4 |       |       ||     4
         Distracted        |       |       |     1 |       ||     1
 Armour: Robe              |     5 |    12 |    14 |    19 ||    50
         Acid dragon scale |       |       |       |     1 ||     1
  Dodge: Dodged            |     8 |    30 |   137 |   100 ||   275

Table legend: (Time is in decaauts)
 A = Elapsed time spent in this place.
 B = Non-inter-level travel time spent in this place.
 C = Inter-level travel time spent in this place.
 D = Time resting spent in this place.
 E = Time spent auto-exploring this place.
 F = Levels seen in this place.
 G = Mean time per level.
                   A        B        C        D        E       F      G
               +--------+--------+--------+--------+--------+-----+--------+
         Total |  13999 |  13570 |    429 |   4058 |   7628 |  14 |  999.9 |
       Dungeon |  11027 |  10666 |    361 |   3302 |   5910 |   9 | 1225.2 |
        Temple |     71 |     55 |     16 |      0 |     49 |   1 |   71.0 |
          Lair |   2820 |   2769 |     51 |    756 |   1637 |   3 |  940.0 |
       Volcano |     79 |     79 |      0 |      0 |     32 |   1 |   79.0 |
               +--------+--------+--------+--------+--------+-----+--------+

Top non-repeatable levels by time:
     D:9: 2291 daAuts
     D:8: 1623 daAuts
  Lair:2: 1506 daAuts
     D:7: 1384 daAuts
     D:5: 1208 daAuts
     D:4: 1105 daAuts
  Lair:1: 1012 daAuts
     D:6: 1005 daAuts
     D:2: 905 daAuts
     D:3: 820 daAuts
     D:1: 684 daAuts
  Lair:3: 301 daAuts
 Volcano: 79 daAuts
  Temple: 71 daAuts

Table legend:
 A = Kills in this place as a percentage of kills in the entire game.
 B = Kills by you in this place as a percentage of kills by you in the entire game.
 C = Kills by friends in this place as a percentage of kills by friends in the entire game.
 D = Other kills in this place as a percentage of other kills in the entire game.
 E = Experience gained in this place as a percentage of experience gained in the entire game.
 F = Experience gained in this place divided by the number of levels of this place that you have seen.
                   A       B       C       D       E      F
               +-------+-------+-------+-------+-------+----------------------
         Total | 100.0 | 100.0 |   N/A |   N/A | 100.0 | 1720.1
       Dungeon |  78.9 |  78.9 |   N/A |   N/A |  53.3 | 1425.6
          Lair |  21.1 |  21.1 |   N/A |   N/A |  46.7 | 3750.3
               +-------+-------+-------+-------+-------+----------------------
